 Dungeon Crawl Stone Soup version 0.30-a0-883-g5ad918d77d (webtiles) character file.

Game seed: 16014689345583129723

89713 iguanaiguana the Frost Mage (level 15, 0/129 HPs)
             Began as an Armataur Ice Elementalist on Mar 15, 2023.
             Was a High Priest of Vehumet.
             Slain by an eight-headed hydra (3 damage)
             ... on level 14 of the Dungeon on Mar 16, 2023.
             The game lasted 01:35:21 (8205 turns).

iguanaiguana the Frost Mage (AtIE)                  Turns: 8205, Time: 01:35:22

Health: 0/129      AC: 10    Str: 13    XL:     15   Next: 50%
Magic:  1/31       EV: 10    Int: 22    God:    Vehumet [*****.]
Gold:   1096       SH:  0    Dex: 12    Spells: 8/38 levels left

rFire   + . .      SeeInvis .    b - staff of cold
rCold   + . .      Faith    .    (no shield)
rNeg    . . .      Spirit   .    q - +2 troll leather armour
rPois   .          Reflect  .    e - +2 helmet
rElec   .          Roll     +    (no cloak)
rCorr   .                        (no gloves)
Will    +....                    (no barding)
Stlth   +++                      P - amulet of regeneration
HPRegen 2.01/turn                h - ring of wizardry
MPRegen 0.22/turn                Q - ring of protection from fire

@: no status effects
A: large, rugged brown scales 3, deformed body, armoured tail, roll, long
tongue, awkward tongue
a: Renounce Religion


You were on level 14 of the Dungeon.
You worshipped Vehumet.
Vehumet was extremely pleased with you.
You visited 2 branches of the dungeon, and saw 20 of its levels.
You also visited: Ossuary and Bailey.

You collected 1210 gold pieces.
You spent 114 gold pieces at shops.

Inventory:

Hand Weapons
 a - the +7 trident of the Heart {elec, Will+ Stlth+}
   (You found it on level 4 of the Dungeon)

   Will:      It increases your willpower.
   Stlth:     It makes you more stealthy.
 w - the +5 mace of Aniatof {holy, Int+2}
   (You found it on level 6 of the Dungeon)

   Int:       It affects your intelligence (+2).
Missiles
 m - 12 boomerangs
 C - 5 silver boomerangs
 S - 9 javelins
 Y - 2 curare-tipped darts
Armour
 e - a +2 helmet (worn)
 q - a +2 troll leather armour (worn)
 B - an orb of guile
 E - the +4 robe of Augmentation {Str+4 Int+4 Dex+4}
   (You found it on level 8 of the Dungeon)

   Str:       It affects your strength (+4).
   Int:       It affects your intelligence (+4).
   Dex:       It affects your dexterity (+4).
 Z - a +2 hat
Magical Staves
 b - a staff of cold (weapon)
 c - a staff of poison
 d - a staff of earth
Jewellery
 h - a ring of wizardry (left hand)
 u - a ring of see invisible
 I - a ring of resist corrosion
 L - a ring of flight
 P - an amulet of regeneration (around neck)
 Q - a ring of protection from fire (right hand)
 T - a +6 ring of strength
Wands
 s - a wand of polymorph (11)
 z - a wand of quicksilver (2)
 D - a wand of paralysis (10)
 O - a wand of flame (8)
 W - a wand of digging (5) {@v3}
 X - a wand of iceblast (4) {@v2}
Scrolls
 g - 3 scrolls of fear
 i - 2 scrolls of immolation
 l - 2 scrolls of torment
 p - 7 scrolls of teleportation {@r3}
 r - 5 scrolls of noise
 t - a scroll of silence {unknown}
 v - 3 scrolls of enchant weapon
 y - 3 scrolls of poison
 G - a scroll of brand weapon
 H - 3 scrolls of fog
 J - a scroll of amnesia
 K - a scroll of vulnerability
 U - 3 scrolls of blinking {@r4}
Potions
 f - 2 potions of attraction
 j - 3 potions of heal wounds {@q2}
 k - 3 potions of might {@q3}
 n - 4 potions of brilliance
 o - 5 potions of curing {@q1}
 x - 4 potions of mutation
 A - 2 potions of haste {@q4}
 M - a potion of ambrosia
 N - a potion of lignification {unknown}
 R - 3 potions of flight
 V - a potion of resistance {unknown}


   Skills:
 - Level 8.1 Fighting
 - Level 4.0 Polearms
 + Level 4.2 Armour
 - Level 4.0 Dodging
 - Level 6.0 Stealth
 - Level 12.0 Spellcasting
 - Level 8.3 Conjurations
 - Level 14.0 Ice Magic
 - Level 4.0 Air Magic
 - Level 4.0 Earth Magic
 - Level 4.0 Poison Magic


You had 8 spell levels left.
You knew the following spells:

 Your Spells              Type           Power      Damage    Failure   Level
a - Ozocubu's Refrigerat  Ice            42%        4d16      1%          7
b - Frozen Ramparts       Ice            100%       1d16      1%          3
c - Ozocubu's Armour      Ice            84%        N/A       1%          3
d - Freezing Cloud        Conj/Ice/Air   33%        6-21      1%          5
e - Mephitic Cloud        Conj/Pois/Air  37%        N/A       1%          3
f - Freeze                Ice            100%       1d10      0%          1
g - Iron Shot             Conj/Erth      20%        9d5       9%          6
h - Poisonous Vapours     Pois/Air       60%        N/A       1%          2

Your spell library contained the following spells:

 Spells                   Type           Power      Damage    Failure   Level
 Magic Dart               Conj           100%       1d8       1%          1
 Searing Ray              Conj           98%        2d8       1%          2
 Static Discharge         Conj/Air       80%        2-6/arc   1%          2
 Kindle Blastsparks       Fire/Tloc/Air  38%        2d13      1%          3
 Fulminant Prism          Conj/Hex       15%        3d10      1%          4
 Iskenderun's Mystic Bla  Conj/Tloc      31%        2d8       1%          4
 Summon Ice Beast         Ice/Summ       60%        N/A       1%          4
 Arcjolt                  Conj/Air       20%        1d30      1%          5
 Iskenderun's Battlesphe  Conj           49%        2d10      1%          5
 Lightning Bolt           Conj/Air       20%        1d35      1%          5
 Beastly Appendage        Tmut           26%        N/A       2%          1
 Call Imp                 Summ           13%        N/A       3%          2
 Wereblood                Tmut           13%        N/A       3%          2
 Spider Form              Tmut/Pois      22%        N/A       3%          3
 Vhi's Electric Charge    Tloc/Air       44%        N/A       3%          3
 Lee's Rapid Deconstruct  Erth           15%        3d10*     4%          5
 Call Canine Familiar     Summ           13%        N/A       8%          3
 Portal Projectile        Hex/Tloc       26%        N/A       8%          3
 Leda's Liquefaction      Hex/Erth       11%        N/A       11%         4
 Spellforged Servitor     Conj/Summ      15%        N/A       61%         7


Dungeon Overview and Level Annotations

Branches:
Dungeon (15/15) Zot: 26926  Temple (0/1) D:6            Lair (5/5) D:9 Zot: 25266
 Shoals (0/4) Lair:2        Snake (0/4) Lair:3        Slime (0/5) Lair:5
 Vaults (0/5) D:14        Ossuary (visited)          Bailey (visited)
    Orc: D:9-12      Depths: D:15

Altars:
Ashenzari
Okawaru
Ru
Vehumet
Xom
The Shining One
Jiyva

Shops:
D:5 *   D:6 !   D:10 (

Annotations:
D:7 2 transporters, Juicyj's ghost, novice MiGl
Lair:3 3 runed translucent doors, Newt's ghost, journeyman KoHu; Rudyous's ghost, journeyman GnAE; jasper's ghost, journeyman DsGl
Lair:4 exclusion: ice statue


Innate Abilities, Weirdness & Mutations

You are completely covered in rugged brown scales. (AC +3, +7% HP)
Armour fits poorly on your strangely shaped body.
You have a long armoured tail.
You roll when moving toward enemies. (Rampage)
Your long tongue fully drains potion bottles. (2x potion effects)
Your tongue gives you trouble enunciating. (1.5x scroll delay)


Message History

The eight-headed hydra roars!
You hear a horrible gurgling sound!
b - a staff of cold (weapon)
The gargoyle hurls a stone arrow at you.
The stone arrow hits you!
Casting: Iron Shot (dangerous; 9% risk of failure)
Confirm with . or Enter, or press ? or * to list all spells.
You feel a surge of power!
The heat is drained from your surroundings.
The gargoyle is severely damaged.
The eight-headed hydra is heavily wounded.
The gargoyle hurls a stone arrow at you.
The stone arrow hits you! The eight-headed hydra bites you! x2
The eight-headed hydra attacks as you move away!
The eight-headed hydra bites you. x2
The eight-headed hydra attacks as you move away!
The eight-headed hydra bites you. The eight-headed hydra bites you!
* * * LOW HITPOINT WARNING * * *
The eight-headed hydra bites you!
* * * LOW HITPOINT WARNING * * *
The eight-headed hydra bites you!
* * * LOW HITPOINT WARNING * * *
The eight-headed hydra bites you!
* * * LOW HITPOINT WARNING * * *
Casting: Ozocubu's Refrigeration (dangerous; 1% risk of failure)
Confirm with . or Enter, or press ? or * to list all spells.
You feel a surge of power!
The heat is drained from your surroundings.
You destroy the gargoyle!
You feel your power returning.
The eight-headed hydra is almost dead.
The eight-headed hydra seems to slow down.
The eight-headed hydra bites you!
* * * LOW HITPOINT WARNING * * *
The eight-headed hydra bites you!
* * * LOW HITPOINT WARNING * * *
The eight-headed hydra bites you!
* * * LOW HITPOINT WARNING * * *
The eight-headed hydra bites you.
You die...

#.#.. #. #.#.#.. ..
..# #.#.#.#.### #.##
..# #.#.#.#...# ...
..# #.#...#...#.##..
..# #.....#...#
....#..#
..†...#...####.....#
......#...#.......###
###.......# #@..[#
#......)<.# #D...#
#.#..#...##
##....###..
#.#.#####....
#.........
#.#.....#.#(#
#.)...####
#)#####.#.# # #..(..#
. #)# #.#.#
#.....########'# ..#
#.#.# #.....##.......
.########.#
#.....##....#


You could see an eight-headed hydra (slow).

Vanquished Creatures
  Frances (D:12)
  Kirke (D:14)
  An orc warlord (Bailey)
  Azrael (D:13)
  4 catoblepae
  9 hydras
  Erica (D:8)
  A centaur warrior (D:14)
  2 two-headed ogres (D:8)
  A boulder beetle (D:12)
  7 death yaks (Lair:5)
  Urug (Lair:4)
  A deep elf knight (D:14)
  A skeletal warrior (D:14)
  2 skysharks
  4 ugly things
  2 deep elf zephyrmancers (D:14)
  A cyclops (D:11)
  2 manticores (Lair:5)
  A torpor snail (Lair:1)
  5 elephants
  3 black mambas (Lair:5)
  5 cane toads
  A gargoyle (D:14)
  3 centaur skeletons (D:14)
  7 kobold demonologists
  7 komodo dragons
  3 rime drakes (Lair:5)
  2 tengu conjurers (D:14)
  2 trolls (D:14)
  A hornet (D:9)
  3 polar bears (Lair:4)
  9 blink frogs
  4 dream sheep (Lair:5)
  A snapping turtle (Lair:2)
  5 slime creatures (D:13)
  5 wyverns
  A vampire (D:12)
  35 yaks
  A wyvern (shapeshifter) (D:13)
  2 hogs (D:14)
  A human (D:14)
  A basilisk (Lair:5)
  A fire bat (D:6)
  3 fire elementals (D:13)
  4 vampire mosquitoes (D:10)
  A steam dragon (D:8)
  Menkaure (D:6)
  5 hell hounds (D:13)
  3 nagas (Lair:3)
  9 water moccasins
  5 orc warriors
  4 ice beasts
  3 centaurs
  5 wolves (Lair:1)
  7 kobold brigands
  3 bullfrogs
  3 scorpions
  6 wights
  10 killer bees
  3 howler monkeys
  3 electric eels
  4 hounds
  An orc priest (D:5)
  2 iguanas (D:5)
  A sleepcap (D:6)
  Jessica (D:3)
  3 orc wizards
  4 hell rats (Lair:5)
  A boggart skeleton (D:14)
  4 mummies (Ossuary)
  9 gnolls
  9 adders
  2 shadow imps
  A white imp (Lair:4)
  A worm (D:2)
  23 orcs
  5 ball pythons
  4 endoplasms
  4 giant cockroaches
  16 goblins
  10 hobgoblins
  3 jackals (D:5)
  19 kobolds
  3 quokkas
  5 bats
  5 frilled lizards
  5 gnoll skeletons (Ossuary)
  3 gnoll zombies (Ossuary)
  3 goblin skeletons (Ossuary)
  2 goblin zombies
  A hobgoblin skeleton (Ossuary)
  7 hobgoblin zombies (Ossuary)
  4 kobold skeletons (Ossuary)
  3 kobold zombies (Ossuary)
  7 orc skeletons (Ossuary)
  7 orc zombies (Ossuary)
  5 rats
  5 rat skeletons (Ossuary)
  5 rat zombies
427 creatures vanquished.

Vanquished Creatures (others)
  A human (D:14)
  23 fungi
  102 plants
  4 toadstools (D:2)
130 creatures vanquished.

Grand Total: 557 creatures vanquished

Notes
Turn   | Place    | Note
-------+----------+-------------------------------------------
     0 | D:1      | iguanaiguana the Armataur Ice Elementalist began the quest
                  | for the Orb.
     0 | D:1      | Reached XP level 1. HP: 14/14 MP: 3/3
    22 | D:1      | You fall into a shaft and drop 1 floor!
    85 | D:3      | Reached skill level 4 in Ice Magic
    85 | D:3      | Reached XP level 2. HP: 5/21 MP: 0/5
    94 | D:3      | Found a radiant altar of Vehumet.
   105 | D:3      | Became a worshipper of Vehumet
   136 | D:3      | Reached XP level 3. HP: 9/27 MP: 3/6
   140 | D:3      | Learned a level 3 spell: Frozen Ramparts
   442 | D:1      | Reached * piety under Vehumet
   442 | D:1      | Offered knowledge of Kiss of Death by Vehumet.
   485 | D:1      | Reached skill level 5 in Ice Magic
   502 | D:1      | Reached XP level 4. HP: 34/35 MP: 2/7
   698 | D:2      | Found a faded altar of an unknown god.
   811 | D:3      | Noticed Jessica
   823 | D:3      | Killed Jessica
   982 | D:5      | Entered Level 5 of the Dungeon
   992 | D:5      | Reached XP level 5. HP: 29/40 MP: 6/8
  1025 | D:5      | Reached skill level 6 in Ice Magic
  1032 | D:5      | Reached XP level 6. HP: 23/48 MP: 4/9
  1036 | D:5      | Learned a level 3 spell: Ozocubu's Armour
  1122 | D:5      | Reached ** piety under Vehumet
  1123 | D:5      | Reached skill level 7 in Ice Magic
  1161 | D:5      | Offered knowledge of Poisonous Vapours by Vehumet.
  1165 | D:5      | Learned a level 2 spell: Poisonous Vapours
  1278 | D:4      | Found a sacrificial altar of Ru.
  1340 | D:4      | Reached skill level 1 in Air Magic
  1340 | D:4      | Reached skill level 1 in Poison Magic
  1340 | D:4      | Reached XP level 7. HP: 53/53 MP: 7/10
  1439 | D:4      | Identified the +7 trident of the Heart {elec, Will+ Stlth+}
  1657 | D:5      | Found Koinizou's Assorted Antiques.
  1660 | D:5      | Bought a yellow potion for 27 gold pieces
  1660 | D:5      | Bought a scroll labelled CEUMAR VOELIF for 30 gold pieces
  1660 | D:5      | Bought a scroll labelled LIJUPP QU WOMN for 30 gold pieces
  1660 | D:5      | Bought a sedimented white potion for 27 gold pieces
  1752 | D:6      | Found a staircase to the Ecumenical Temple.
  1815 | D:6      | Found a sand-covered staircase.
  1829 | Ossuary  | Entered an ossuary
  1849 | Ossuary  | Offered knowledge of Scorch by Vehumet.
  1930 | Ossuary  | Reached *** piety under Vehumet
  2001 | Ossuary  | Offered knowledge of Kindle Blastsparks by Vehumet.
  2103 | Ossuary  | Reached skill level 1 in Polearms
  2117 | Ossuary  | Reached **** piety under Vehumet
  2241 | D:7      | Found a transporter.
  2246 | D:7      | Noticed Juicyj's ghost (novice MiGl)
  2247 | D:7      | Found a transporter.
  2248 | D:7      | Identified the +1 great mace of the Onslaught {pain, Str+2
                  | Dex+4}
  2347 | D:6      | Learned a level 3 spell: Mephitic Cloud
  2403 | D:6      | Identified the +5 mace of Aniatof {holy, Int+2}
  2420 | D:6      | Found Bamoonul's Distillery.
  2572 | D:6      | Found a broken altar of Ashenzari.
  2590 | D:6      | Offered knowledge of Lee's Rapid Deconstruction by Vehumet.
  2642 | D:6      | Noticed Menkaure
  2648 | D:6      | Reached XP level 8. HP: 52/60 MP: 11/14
  2691 | D:6      | Killed Menkaure
  2692 | D:6      | Reached skill level 5 in Spellcasting
  2803 | D:8      | Noticed Erica
  2813 | D:8      | Killed Erica
  2814 | D:8      | Reached XP level 9. HP: 60/66 MP: 12/20
  2831 | D:8      | Noticed a two-headed ogre
  2846 | D:8      | Killed a two-headed ogre
  2905 | D:8      | Reached skill level 1 in Conjurations
  2913 | D:8      | Noticed a two-headed ogre
  2927 | D:8      | Killed a two-headed ogre
  2928 | D:8      | Reached skill level 1 in Fighting
  2968 | D:8      | Found the +4 robe of Augmentation {Str+4 Int+4 Dex+4}
  3038 | D:8      | Reached XP level 10. HP: 73/79 MP: 15/22
  3083 | D:9      | Found a flagged portal.
  3104 | D:9      | Paralysed by a hornet for 3 turns
  3157 | Bailey   | Entered a bailey
  3187 | Bailey   | Noticed an orc warlord
  3218 | Bailey   | Reached ***** piety under Vehumet
  3219 | Bailey   | Offered knowledge of Sticky Flame by Vehumet.
  3235 | Bailey   | Reached skill level 5 in Fighting
  3267 | Bailey   | Found a runed translucent gate.
  3269 | Bailey   | Found a runed translucent gate.
  3270 | Bailey   | Found a runed translucent gate.
  3459 | Bailey   | Killed an orc warlord
  3558 | D:9      | Found an iron altar of Okawaru.
  3594 | D:10     | Entered Level 10 of the Dungeon
  3606 | D:10     | Reached skill level 8 in Ice Magic
  3606 | D:10     | Reached skill level 1 in Armour
  3640 | D:10     | Found Xeran's Hydra Hut.
  3640 | D:10     | Found the +5 woodcutter's axe
  3654 | D:10     | Noticed a four-headed hydra
  3716 | D:9      | Found a staircase to the Lair.
  3721 | Lair:1   | Entered Level 1 of the Lair of Beasts
  3870 | Lair:1   | Noticed a torpor snail
  3901 | Lair:1   | Killed a torpor snail
  3902 | Lair:1   | Reached XP level 11. HP: 59/95 MP: 14/23
  3909 | Lair:1   | Reached skill level 5 in Stealth
  4083 | Lair:2   | Noticed an eight-headed hydra
  4095 | Lair:2   | Killed an eight-headed hydra
  4259 | Lair:2   | Found a staircase to the Shoals.
  4431 | Lair:2   | Noticed a skyshark
  4456 | Lair:2   | Killed a skyshark
  4519 | Lair:3   | Found a runed translucent gate.
  4519 | Lair:3   | Found a runed translucent gate.
  4519 | Lair:3   | Found a runed translucent gate.
  4520 | Lair:3   | Noticed jasper's ghost (journeyman DsGl)
  4520 | Lair:3   | Noticed Newt's ghost (journeyman KoHu)
  4520 | Lair:3   | Noticed Rudyous's ghost (journeyman GnAE)
  4535 | Lair:3   | Found the +1 cloak of Starlight {*Dazzle EV+4 Stlth--}
  4680 | Lair:3   | Noticed a five-headed hydra
  4692 | Lair:3   | Killed a five-headed hydra
  4801 | Lair:3   | Upgraded the game from 0.30-a0-881-g1ff12e1e11 to
                  | 0.30-a0-883-g5ad918d77d
  4814 | Lair:3   | Found a staircase to the Snake Pit.
  4977 | Lair:4   | Found a shimmering altar of Xom.
  4990 | Lair:4   | Reached skill level 10 in Spellcasting
  5033 | Lair:4   | Noticed an ice dragon
  5132 | Lair:4   | Noticed a five-headed hydra
  5144 | Lair:4   | Killed a five-headed hydra
  5145 | Lair:4   | Reached XP level 12. HP: 99/102 MP: 24/26
  5191 | Lair:4   | Noticed a five-headed hydra
  5207 | Lair:4   | Killed a five-headed hydra
  5281 | Lair:5   | Entered Level 5 of the Lair of Beasts
  5429 | Lair:5   | Offered knowledge of Ozocubu's Refrigeration by Vehumet.
  5430 | Lair:5   | Reached skill level 12 in Ice Magic
  5430 | Lair:5   | Reached XP level 13. HP: 102/109 MP: 29/29
  5430 | Lair:5   | Reached XP level 14. HP: 109/117 MP: 30/30
  5442 | Lair:5   | Learned a level 7 spell: Ozocubu's Refrigeration
  5490 | Lair:4   | You fall into a shaft and drop 1 floor!
  5720 | Lair:5   | Reached skill level 13 in Ice Magic
  6004 | Lair:5   | Found a viscous altar of Jiyva.
  6004 | Lair:5   | Found a staircase to the Slime Pits.
  6169 | Lair:5   | Reached skill level 14 in Ice Magic
  6488 | Lair:5   | Learned a level 6 spell: Iron Shot
  6548 | Lair:4   | Reached skill level 1 in Earth Magic
  6555 | Lair:4   | Reached XP level 15. HP: 120/129 MP: 31/31
  6566 | Lair:4   | Noticed Urug
  6595 | Lair:4   | Killed Urug
  7270 | D:13     | Noticed Azrael
  7276 | D:13     | Killed Azrael
  7277 | D:13     | Reached skill level 5 in Conjurations
  7283 | D:13     | Offered knowledge of Freezing Cloud by Vehumet.
  7290 | D:13     | Learned a level 5 spell: Freezing Cloud
  7470 | D:12     | Noticed Frances
  7481 | D:12     | Killed Frances
  7523 | D:12     | Found a glowing golden altar of the Shining One.
  7727 | D:14     | Noticed Kirke
  7731 | D:14     | Killed Kirke
  8012 | D:14     | Found a gate to the Vaults.
  8134 | D:15     | Entered Level 15 of the Dungeon
  8205 | D:14     | HP: 3/129 [eight-headed hydra (8)]
  8205 | D:14     | Slain by an eight-headed hydra

Illustrated notes

Levels and vault maps discovered:
D:1:      matt_arrival_spirals, layout_basic
D:2:      minmay_inner_zag, layout_rooms, ebering_ecumenical_altar_sacrificial,
          minmay_gold_behind_fungi, due_unseen_surprise
D:3:      layout_loops_cross, nicolae_dithmenos_the_darkroom,
          mainiacjoe_overflow_brackets, uniq_jessica
D:4:      layout_basic, nicolae_ru_awakened_eye
D:5:      layout_basic, serial_shops, kennysheep_mini
D:6:      layout_basic, cheibrodos_ashenzari_chains, temple_pool_b,
          serial_shops, shop, enter_ossuary_4, grunt_decor_one_mirror,
          uniq_menkaure, uniq_duvessa
D:7:      minmay_the_grid_triangle_9x9_rhombus_full
          [minmay_the_grid_triangle_9x9_from_above,
          minmay_the_grid_triangle_9x9_empty,
          minmay_the_grid_triangle_9x9_stretched_checkered,
          minmay_the_grid_triangle_9x9_zippers_vertical,
          minmay_the_grid_triangle_9x9_swiss_cheese,
          minmay_the_grid_triangle_9x9_pentomino_pain,
          minmay_the_grid_triangle_9x9_sprig,
          minmay_the_grid_triangle_9x9_prize_schism], layout_gridville,
          gammafunk_ghost_smash
D:8:      layout_rooms, uniq_erica
D:9:      minmay_bloctagon_deflated, layout_loops_ring,
          okawaru_metal_pillars_1_2, lair_entry_dummy, enter_bailey_3,
          hellmonk_guarded_unrand_vitality_bloodlust
D:10:     layout_loops_ring, serial_rivers, chequers_serial_rivers_micro_e,
          chequers_serial_rivers_large_a, chequers_serial_rivers_micro_b,
          chequers_serial_rivers_micro_d, chequers_serial_rivers_micro_d,
          serial_shops, shop, minivault_4, minmay_stone_trees_small,
          doesnt_shop_hydraphobe
D:11:     layout_roguey, orc_0_dummy, hangedman_abyss_or_decor_lesser_grid,
          due_unseen_surprise
D:12:     layout_rooms, serial_glass, glass_columns_b, glass_columns_a,
          nicolae_tso_carved_into_rock, uniq_frances, uniq_erolcha
D:13:     layout_loops_ring, uniq_azrael
D:14:     layout_basic, hangedman_vaults_entry_quadrant_bands,
          hangedman_decor_push, uniq_kirke, uniq_agnes
D:15:     gammafunk_enter_depths_forms, layout_irregular_city, amethyst_killhole
Lair:1:   layout_layer_cave
Lair:2:   layout_roguey, minmay_shoals_entry_hut, serial_bayou_shore_b,
          serial_bayou_shore_a, infiniplex_staircase_pool
Lair:3:   layout_regular_city, guppyfry_snake_entry_garden,
          gammafunk_ghost_cemetery, grunt_megastairs_3
Lair:4:   wad_woods_stonehenge, layout_loops_ring, fungi_pond_lemuel,
          ice2_lemuel, uniq_urug
Lair:5:   evilmike_catoblepas_cave, layout_gridlike, dpeg_slime_entry_corner

Skill      XL: |  1  2  3  4  5  6  7  8  9 10 11 12 13 14 15 |
---------------+----------------------------------------------+-----
Spellcasting   | 2 4 7 8 10 12 | 12.0
Ice Magic      | 4 5 6 7 8 12 14 | 14.0
Air Magic      | 1 2 4 |  4.0
Poison Magic   | 1 2 4 |  4.0
Polearms       | 1 4 |  4.0
Conjurations   | 4 8 |  8.3
Fighting       | 2 6 8 |  8.1
Armour         | 2 4 |  4.2
Dodging        | 3 4 |  4.0
Stealth        | 4 6 |  6.0
Earth Magic    | 1 4 |  4.0

Action                     |  1- 3 |  4- 6 |  7- 9 | 10-12 | 13-15 || total
---------------------------+-------+-------+-------+-------+-------++-------
  Melee: Unarmed           |    30 |       |       |       |       ||    30
         Tailslap          |     7 |    11 |    15 |    34 |    57 ||   124
         Short sword       |    13 |    62 |     6 |       |       ||    81
         Punch             |     1 |       |     2 |     2 |     6 ||    11
         Trident           |       |       |   176 |   201 |   241 ||   618
         Mace              |       |       |    12 |     8 |     1 ||    21
         Staff             |       |       |       |     2 |    24 ||    26
  Throw: Boomerang         |       |       |       |     9 |       ||     9
         Dart              |       |       |       |     5 |       ||     5
         Javelin           |       |       |       |     1 |       ||     1
   Cast: Freeze            |    20 |       |       |       |       ||    20
         Frozen Ramparts   |     6 |    16 |    23 |    41 |    32 ||   118
         Ozocubu's Armour  |       |     2 |    11 |    26 |    21 ||    60
         Poisonous Vapours |       |     1 |    11 |    21 |    26 ||    59
         Mephitic Cloud    |       |       |     4 |     9 |    14 ||    27
         Ozocubu's Refrige |       |       |       |       |    42 ||    42
         Freezing Cloud    |       |       |       |       |    14 ||    14
         Iron Shot         |       |       |       |       |     3 ||     3
  Evoke: Wand              |       |       |     3 |     2 |     5 ||    10
    Use: Potion            |     2 |     1 |     2 |     3 |       ||     8
         Scroll            |     1 |     1 |    13 |     6 |     5 ||    26
   Stab: Sleeping          |     3 |     2 |    10 |     1 |     1 ||    17
         Distracted        |       |       |     1 |       |     1 ||     2
         Confused          |       |       |     1 |     4 |    13 ||    18
         Paralysed         |       |       |     2 |       |       ||     2
 Armour: Robe              |    40 |    47 |    58 |   106 |   168 ||   419
         Troll leather arm |       |       |       |       |    21 ||    21
  Dodge: Dodged            |    38 |    33 |    75 |   141 |   173 ||   460

Table legend: (Time is in decaauts)
 A = Elapsed time spent in this place.
 B = Non-inter-level travel time spent in this place.
 C = Inter-level travel time spent in this place.
 D = Time resting spent in this place.
 E = Time spent auto-exploring this place.
 F = Levels seen in this place.
 G = Mean time per level.
                   A        B        C        D        E       F      G
               +--------+--------+--------+--------+--------+-----+--------+
         Total |   8297 |   7581 |    716 |    127 |      0 |  22 |  377.1 |
       Dungeon |   4266 |   3977 |    289 |     77 |      0 |  15 |  284.4 |
          Lair |   3319 |   2892 |    427 |     50 |      0 |   5 |  663.8 |
       Ossuary |    364 |    364 |      0 |      0 |      0 |   1 |  364.0 |
        Bailey |    346 |    346 |      0 |      0 |      0 |   1 |  346.0 |
               +--------+--------+--------+--------+--------+-----+--------+

Top non-repeatable levels by time:
  Lair:5: 1207 daAuts
  Lair:4: 724 daAuts
  Lair:3: 537 daAuts
     D:5: 523 daAuts
     D:6: 514 daAuts
    D:13: 473 daAuts
  Lair:1: 441 daAuts
  Lair:2: 407 daAuts
    D:14: 390 daAuts
     D:3: 374 daAuts
 Ossuary: 364 daAuts
  Bailey: 346 daAuts
     D:1: 316 daAuts
     D:9: 299 daAuts
     D:4: 270 daAuts
